 Dungeon Crawl Stone Soup version 0.31-a0-986-g5e6e4ef867 (webtiles) character file.

Game seed: 2695650634691527005

281 Xavori the Trooper (level 6, -9/44 (47) HPs)
             Began as a Djinni Chaos Knight on Nov 6, 2023.
             Was a Plaything of Xom.
             Killed by divine providence
             ... invoked by an orc priest
              (11 damage)
             ... on level 4 of the Dungeon.
             The game lasted 00:03:25 (10414 turns).

Xavori the Trooper (Djinni Chaos Knight)           Turns: 10414, Time: 00:03:26

HP:   -9/44 (47)    AC:  6    Str: 11    XL:     6   Next: 53%
Gold: 143           EV: 12    Int: 16    God:    Xom [......] SH:  5 Dex: 17

rFire   + + .        a - +0 falchion (chaos)
rCold   . . .        e - +0 buckler of the Sturgeon {Fly rC+ Int+2 Dex+3}
rNeg    . . .        b - +2 leather armour
rPois   ∞            (no helmet)
rElec   .            (no cloak)
rCorr   .            k - +0 pair of gloves
SInv    .            (boots unavailable)
Will    .....        (no amulet)
Stlth   +            (no ring)
HPRegen 0.27/turn    (no ring)
MPRegen 0.00/turn

%: infuse magic (-10 HP)
@: flying, drained
A: sickness immunity, fire resistance 2, cold vulnerability 1, float, innate
caster, HP casting, extra vitality 1
a: Renounce Religion


You were on level 4 of the Dungeon.
You worshipped Xom.
You were a very special plaything of Xom.
You visited 1 branch of the dungeon, and saw 4 of its levels.

You collected 143 gold pieces.

Inventory:

Hand Weapons
 a - a +0 falchion of chaos (weapon)
Armour
 b - a +2 leather armour (worn)
 e - the +0 buckler of the Sturgeon (worn) {Fly rC+ Int+2 Dex+3}
   (Xom gifted it to you on level 1 of the Dungeon)

   Int+2:     It affects your intelligence (+2).
   Dex+3:     It affects your dexterity (+3).
   rC+:       It protects you from cold.
   Fly:       It grants you flight.
 k - a +0 pair of gloves (worn)
Scrolls
 c - 2 scrolls of butterflies
 d - 5 scrolls of identify {unknown}
 j - a scroll of vulnerability {unknown}
 l - a scroll of noise {unknown}
 n - 4 scrolls of revelation {unknown}
 o - 3 scrolls of blinking {unknown}
Potions
 f - a potion of haste {unknown}
 g - a potion of attraction {unknown}
 h - a potion of magic {unknown}
 i - a potion of might {unknown}
 m - a potion of heal wounds
 p - a potion of mutation {unknown}


   Skills:
 + Level 3.7 Fighting
 + Level 3.4 Long Blades
 + Level 2.3 Armour
 + Level 3.3 Dodging
 + Level 1.9 Shields
 * Level 2.0 Spellcasting
 * Level 2.0 Conjurations
 * Level 2.0 Hexes
   Level 0.0 Charms
 * Level 2.0 Summonings
 * Level 2.0 Necromancy
 * Level 2.0 Translocations
 * Level 2.0 Transmutations
 * Level 2.0 Fire Magic
 * Level 2.0 Ice Magic
 * Level 2.0 Air Magic
 * Level 2.0 Earth Magic
 * Level 2.0 Poison Magic


You knew the following spells:

 Your Spells              Type           Power      Damage    Failure   Level
a - Slow                  Hex            32%        N/A       17%         1
b - Poisonous Vapours     Pois/Air       16%        N/A       26%         2
Your spell library was empty.

Dungeon Overview and Level Annotations

Branches:
Dungeon (4/15)
 Temple: D:4-7

Altars:
Cheibriados
Xom

Shops:
D:1 [

Annotations:
D:4 1 runed translucent door, Pikel; dialectric's ghost, weakling SpDe


Innate Abilities, Weirdness & Mutations

You are immune to sickness and miasma.
You are immune to poison.
Your flesh is very heat resistant. (rF++)
You are vulnerable to cold. (rC-)
You float through the air rather than walking.
You learn spells naturally, not from books.
Your magical power is your life essence.
You have superior vitality. (+4 MHP)


Message History

The orc priest is almost dead.
You kill the orc priest!
You block the orc priest's attack.
Your Spellcasting skill increases to level 2!
Your Conjurations skill increases to level 2!
Your Hexes skill increases to level 2!
Your Summonings skill increases to level 2!
Your Necromancy skill increases to level 2!
Your Translocations skill increases to level 2!
Your Transmutations skill increases to level 2!
Your Fire Magic skill increases to level 2!
Your Ice Magic skill increases to level 2!
Your Air Magic skill increases to level 2!
Your Earth Magic skill increases to level 2!
Your Poison Magic skill increases to level 2!
Unknown command.
You hit the orc priest. You burn the orc priest.
The orc priest is lightly wounded.
The orc priest looks braver for a moment.
You hit the orc priest.
The orc priest is heavily wounded.
The orc priest completely misses you.
You closely miss the orc priest.
The orc priest is heavily wounded.
The orc priest hits you with a +0 war axe!
* * * LOW HITPOINT WARNING * * *
You barely miss the orc priest.
The orc priest is heavily wounded.
The orc priest closely misses you.
Unknown command.
You closely miss the orc priest.
The orc priest is heavily wounded.
The orc priest hits you but does no damage.
You hit the orc priest but do no damage.
Lightning courses through the orc priest!!
You kill the orc priest!
The orc priest calls down the wrath of Beogh upon you.
Beogh smites you!
You die...
Xom guffaws!

#.# #####.#
...#.#
#.#.#####..#
#.).........
#.#########.
#.# #.# #@#
#o# .o# ....
#####


You could see an orc priest and an orc.

Vanquished Creatures
  An ogre (D:2)
  A lemure (D:4)
  A bullfrog (D:3)
  2 orc priests (D:4)
  A gnoll (D:1)
  2 adders
  2 worms
  6 dart slugs
  4 orcs
  7 ball pythons
  3 bats
  6 endoplasms
  4 giant cockroaches
  4 goblins
  3 hobgoblins
  4 jackals
  5 kobolds
  2 quokkas (D:1)
  2 frilled lizards (D:1)
  4 rats
64 creatures vanquished.

Vanquished Creatures (others)
  2 orcs (D:4)
2 creatures vanquished.

Grand Total: 66 creatures vanquished

Notes
Turn   | Place    | Note
-------+----------+-------------------------------------------
     0 | D:1      | Xavori the Djinni Chaos Knight began the quest for the Orb.
     0 | D:1      | Reached XP level 1. HP: 20/20 MP: 0/0
    45 | D:1      | XOM: silly message
    57 | D:1      | XOM: god gift: 19 gold pieces
   120 | D:1      | Reached XP level 2. HP: 25/25 MP: 0/0
   143 | D:1      | Identified the +0 buckler of the Sturgeon {Fly rC+ Int+2
                  | Dex+3} (Xom gifted it to you on level 1 of the Dungeon)
   143 | D:1      | XOM: god gift: +0 buckler of the Sturgeon {Fly rC+ Int+2
                  | Dex+3}
   281 | D:1      | Found Qetas's Armour Emporium.
   302 | D:1      | Reached XP level 3. HP: 24/30 MP: 0/0
   302 | D:1      | Learned a level 1 spell: Slow
   557 | D:1      | XOM: scenery: summon butterflies
  1060 | D:1      | XOM: scenery: create altars
  1451 | D:1      | XOM: silly message
  1715 | D:1      | XOM: silly message
  2545 | D:1      | XOM is BORED!
  2545 | D:1      | XOM: summons 2 hostile demons
  2808 | D:1      | XOM: scenery: summon butterflies
  2963 | D:1      | XOM: scenery: create altars
  4004 | D:1      | XOM: cloud trail
  4103 | D:1      | XOM: divination: magic mapping
  4649 | D:1      | XOM: scenery: create altars
  4712 | D:1      | XOM: cloud trail
  4995 | D:1      | XOM: divination: detect creatures
  5055 | D:1      | XOM is BORED!
  5055 | D:1      | XOM: noise
  6384 | D:1      | XOM is BORED!
  7611 | D:1      | XOM: silly message
  7631 | D:1      | XOM: summons 2 hostile demons
  7632 | D:1      | Noticed a rust devil
  8447 | D:1      | XOM: stat loss: -1 Str (10/11)
  8542 | D:1      | XOM: summons 2 hostile demons
  8718 | D:2      | XOM: 5-stop teleportation journey
  8724 | D:2      | Reached skill level 1 in Spellcasting
  8724 | D:2      | Reached skill level 1 in Conjurations
  8724 | D:2      | Reached skill level 1 in Hexes
  8724 | D:2      | Reached skill level 1 in Summonings
  8724 | D:2      | Reached skill level 1 in Necromancy
  8724 | D:2      | Reached skill level 1 in Translocations
  8724 | D:2      | Reached skill level 1 in Transmutations
  8724 | D:2      | Reached skill level 1 in Fire Magic
  8724 | D:2      | Reached skill level 1 in Ice Magic
  8724 | D:2      | Reached skill level 1 in Air Magic
  8724 | D:2      | Reached skill level 1 in Earth Magic
  8724 | D:2      | Reached skill level 1 in Poison Magic
  8848 | D:2      | Reached XP level 4. HP: 35/35 MP: 0/0
  8915 | D:2      | Identified the +10 short sword of Ojododwalae {freeze,
                  | rElec rPois}
  9011 | D:2      | Found a faded altar of an unknown god.
  9055 | D:2      | Noticed an ogre
  9062 | D:2      | Killed an ogre
  9063 | D:2      | Reached skill level 1 in Shields
  9063 | D:2      | Reached XP level 5. HP: 6/40 MP: 0/0
  9063 | D:2      | Learned a level 2 spell: Poisonous Vapours
  9572 | D:3      | XOM: 1-stop teleportation journey
  9579 | D:3      | Noticed a bullfrog
  9587 | D:3      | Killed a bullfrog
  9588 | D:3      | Reached XP level 6. HP: 43/47 MP: 0/0
  9879 | D:3      | XOM: draining
 10247 | D:4      | XOM: silly message
 10309 | D:4      | Found a snail-covered altar of Cheibriados.
 10318 | D:4      | Found a runed translucent gate.
 10321 | D:4      | Noticed Pikel
 10328 | D:4      | XOM: summons friendly iron imp
 10333 | D:4      | Identified the +6 spear of Kivepyem {flame, rPois}
 10333 | D:4      | Identified the +0 scale mail "Goawnuumi" {Rampage rPois
                  | Str+3 Dex+3}
 10335 | D:4      | Noticed dialectric's ghost (weakling SpDe)
 10411 | D:4      | HP: 1/44 [orc priest/+0 war axe (8)]
 10414 | D:4      | Killed from afar by an orc priest

Illustrated notes

Levels and vault maps discovered:
D:1:      lightli_arrival_statue_moat, layout_loops_ring, serial_shops, shop,
          dk_noncrumbling_2, minivault_19
D:2:      layout_loops_ring, shapermc_ecumenical_altar_ellora
D:3:      layout_loops_ring
D:4:      layout_loops_ring, kennysheep_slug_shrine,
          lemuel_zombie_altar_kikubaaqudgha, biasface_ghost_orc_armoury,
          cheibrodos_sewer_entry_bend, uniq_pikel

Skill      XL: |  1  2  3  4  5  6 |
---------------+-------------------+-----
Spellcasting   | 1 2 |  2.0
Conjurations   | 1 2 |  2.0
Hexes          | 1 2 |  2.0
Summonings     | 1 2 |  2.0
Necromancy     | 1 2 |  2.0
Translocations | 1 2 |  2.0
Transmutations | 1 2 |  2.0
Fire Magic     | 1 2 |  2.0
Ice Magic      | 1 2 |  2.0
Air Magic      | 1 2 |  2.0
Earth Magic    | 1 2 |  2.0
Poison Magic   | 1 2 |  2.0
Long Blades    | 3 |  3.4
Armour         | 2 |  2.3
Shields        | 1 |  1.9
Dodging        | 3 |  3.3
Fighting       | |  3.7

Action                     |  1- 3 |  4- 6 || total
---------------------------+-------+-------++-------
  Melee: Falchion          |    83 |   111 ||   194
    Use: Potion            |       |     2 ||     2
   Stab: Sleeping          |     2 |     4 ||     6
 Armour: Leather armour    |    57 |    46 ||   103
  Dodge: Dodged            |    52 |    52 ||   104
  Block: Buckler           |     7 |    23 ||    30

Table legend: (Time is in decaauts)
 A = Elapsed time spent in this place.
 B = Non-inter-level travel time spent in this place.
 C = Inter-level travel time spent in this place.
 D = Time resting spent in this place.
 E = Time spent auto-exploring this place.
 F = Levels seen in this place.
 G = Mean time per level.
                   A        B        C        D        E       F      G
               +--------+--------+--------+--------+--------+-----+--------+
         Total |  10466 |  10316 |    150 |   7854 |   1907 |   4 | 2616.5 |
       Dungeon |  10466 |  10316 |    150 |   7854 |   1907 |   4 | 2616.5 |
               +--------+--------+--------+--------+--------+-----+--------+

Top non-repeatable levels by time:
     D:1: 8088 daAuts
     D:2: 1425 daAuts
     D:3: 772 daAuts
     D:4: 179 daAuts
